AoeStats
← Smoke-Da-Politz

Arabia

507913258Analyzed
1v1 RM · 12d ago on Sep 20, 2026· 42m 11s· 2 players
Game mode
Random Map
Map size
Tiny (2 player)
Population
200
Speed
Normal
Resources
Standard
Victory
Conquest
Starting age
Dark Age
Ending age
Imperial Age
RankedLock teamsTeams togetherTeam positionsShared explorationLock speedFull tech treeHidden civsTurbo modeCheats
Victory
Defeat
🇻🇳 Ethiopians · Vietnam
1055
+16
🇫🇷 Khitans · France
1059
-16
Bobgao2008
7:27 Loom
9:59 Feudal Age
12:40 Double-Bit Axe
14:26 Fletching
22:44 Castle Age
21:27 Gold Mining
23:27 Bodkin Arrow
22:54 Crossbowman
24:36 Thumb Ring
28:33 Padded Archer Armor
37:23 Imperial Age
36:39 Leather Archer Armor
37:55 Sanctity
38:17 Ballistics
38:04 Arbalester
39:55 Chemistry
40:17 Gold Shaft Mining
Smoke-Da-Politz
7:48 Loom
10:02 Feudal Age
13:19 Man-at-Arms
14:30 Forging
16:57 Double-Bit Axe
18:01 Domestication
20:01 Wheelbarrow
20:13 Fletching
23:15 Castle Age
22:06 Scale Mail Armor
23:05 Arson
24:08 Scale Barding Armor
25:53 Chain Barding Armor
34:34 Hand Cart
34:36 Guard Tower
37:35 Imperial Age
35:39 Husbandry
42:14 Iron Casting
Connection lost

Rejoining the realm…

Still unreachable

The connection could not be restored.

Session expired

The server has moved on; the page needs a fresh start.